 Dungeon Sprint DCSS version 0.29.1-15-g9cfb28693d (webtiles) character file.

Game seed: 16614682100826299113

1998 Groucho the Blocker (level 9, 0/92 HPs)
             Began as a Minotaur Fighter on Mar 10, 2023.
             Was a Believer of Makhleb.
             Slain by a seven-headed hydra (8 damage)
             ... in the Dungeon (Sprint IX: "|||||||||||||||||||||||||||||").
             The game lasted 00:02:12 (441 turns).

Groucho the Blocker (Minotaur Fighter)               Turns: 441, Time: 00:02:14

Health: 0/92       AC: 19    Str: 31    XL:     9   Next: 2%
Magic:  8/8        EV: 10    Int:  5    God:    Makhleb [**....]
Gold:   0          SH:  7    Dex: 10    Spells: 8/8 levels left

rFire   . . .      SeeInvis .   n - +2 morningstar (protect)
rCold   . . .      Faith    .   c - +0 buckler
rNeg    . . .      Spirit   .   p - +1 scale mail
rPois   .          Reflect  .   (helmet restricted)
rElec   .          Harm     .   (no cloak)
rCorr   .          Rampage  .   (no gloves)
Will    .....      NoTele   +   a - +0 pair of boots
Stlth   ..........              (no amulet)
HPRegen 0.25/turn               b - +3 ring of strength
MPRegen 0.11/turn               q - +3 ring of strength

@: under a protective aura
A: horns 2, retaliatory headbutt
a: Renounce Religion, Minor Destruction


You were in the Dungeon.
You worshipped Makhleb.
Makhleb was pleased with you.
You visited 1 branch

Inventory:

Hand Weapons
 n - a +2 morningstar of protection (weapon)
 o - a +3 vorpal war axe
Armour
 a - a +0 pair of boots (worn)
 c - a +0 buckler (worn)
 p - a +1 scale mail (worn)
Jewellery
 b - a +3 ring of strength (left hand)
 q - a +3 ring of strength (right hand)
Wands
 m - a wand of quicksilver (10)
Scrolls
 j - 2 scrolls of blinking
 l - 2 scrolls of amnesia
Potions
 d - a potion of might
 f - 2 potions of heal wounds
 h - 4 potions of magic
 i - a potion of berserk rage
 k - 4 potions of curing


   Skills:
 + Level 12.7 Fighting
 + Level 12.3 Axes
 + Level 12.7 Armour
 + Level 12.7 Shields


You had 8 spell levels left.
You didn't know any spells.
Your spell library was empty.

Dungeon Overview and Level Annotations

Branches:
Dungeon (1/1)

Altars:
Cheibriados
Dithmenos
Elyvilon
Fedhas
Gozag
Hepliaklqana
Kikubaaqudgha
Makhleb
Nemelex Xobeh
Okawaru
Qazlal
Ru
Sif Muna
Trog
Uskayaw
Vehumet
Wu Jian
Xom
Yredelemnul
Zin
The Shining One
Jiyva
Lugonu


Innate Abilities, Weirdness & Mutations

You have a pair of horns on your head.
You reflexively headbutt those who attack you in melee.


Message History

You barely miss the seven-headed hydra.
Your headbutt misses the seven-headed hydra.
The seven-headed hydra is lightly wounded.
The seven-headed hydra bites you but does no damage.
The seven-headed hydra misses you. The seven-headed hydra bites you!
The seven-headed hydra bites you.
You block the seven-headed hydra's attack.
The seven-headed hydra bites you but does no damage. x2
You puncture the seven-headed hydra! You headbutt the seven-headed hydra!
The seven-headed hydra is moderately wounded.
You feel yourself slow down.
Unknown command.
You puncture the seven-headed hydra!
The seven-headed hydra is heavily wounded.
You block the seven-headed hydra's attack.
The seven-headed hydra bites you! The seven-headed hydra bites you.
The seven-headed hydra bites you but does no damage.
The seven-headed hydra bites you.
You block the seven-headed hydra's attack.
The seven-headed hydra closely misses you.
Unknown command.
You sock the seven-headed hydra!
The seven-headed hydra is severely wounded.
You block the seven-headed hydra's attack.
The seven-headed hydra bites you! The seven-headed hydra bites you.
You block the seven-headed hydra's attack.
The seven-headed hydra bites you but does no damage. x5
The seven-headed hydra bites you. The seven-headed hydra bites you!
* * * LOW HITPOINT WARNING * * *
The seven-headed hydra closely misses you.
The seven-headed hydra misses you.
The seven-headed hydra bites you but does no damage.
You bludgeon the seven-headed hydra!! You headbutt the seven-headed hydra.
The seven-headed hydra is almost dead.
The seven-headed hydra bites you!
* * * LOW HITPOINT WARNING * * *
The seven-headed hydra bites you!
* * * LOW HITPOINT WARNING * * *
The seven-headed hydra bites you!
You die...

▓+▓
▓.▓
▓y▓
▓O▓
▓J▓
▓D▓
▓@▓
▓(▓
▓.▓
▓)▓
▓.▓
▓†▓
▓[▓
▓†▓
▓'▓


You could see a seven-headed hydra, a slime creature, a two-headed ogre and a
vampire mosquito.

Vanquished Creatures
  A boulder beetle (D)
  A cyclops (D)
  A troll (D)
  A hornet (D)
  3 yaks (D)
  2 scorpions (D)
  An orc wizard (D)
  An adder (D)
  2 dart slugs (D)
  An orc (D)
  2 bats (D)
  A giant cockroach (D)
  A jackal (D)
18 creatures vanquished.

Notes
Turn   | Place    | Note
-------+----------+-------------------------------------------
     0 | D        | Groucho the Minotaur Fighter began the quest for the Orb.
     0 | D        | Reached XP level 1. HP: 19/19 MP: 0/0
    14 | D        | Reached XP level 2. HP: 28/28 MP: 1/1
    20 | D        | Noticed a scorpion
    20 | D        | Noticed a scorpion
    40 | D        | Killed a scorpion
    41 | D        | Reached skill level 5 in Axes
    41 | D        | Reached XP level 3. HP: 22/37 MP: 2/2
    41 | D        | Reached XP level 4. HP: 26/44 MP: 3/3
    53 | D        | Killed a scorpion
    59 | D        | Reached XP level 5. HP: 26/52 MP: 4/4
   315 | D        | Found a snail-covered altar of Cheibriados.
   315 | D        | Found a shadowy altar of Dithmenos.
   315 | D        | Found a white marble altar of Elyvilon.
   315 | D        | Found a blossoming altar of Fedhas.
   315 | D        | Found an opulent altar of Gozag.
   316 | D        | Found a hazy altar of Hepliaklqana.
   317 | D        | Found a viscous altar of Jiyva.
   318 | D        | Found an ancient bone altar of Kikubaaqudgha.
   319 | D        | Found a corrupted altar of Lugonu.
   320 | D        | Found a burning altar of Makhleb.
   321 | D        | Found a sparkling altar of Nemelex Xobeh.
   322 | D        | Found an iron altar of Okawaru.
   323 | D        | Found a stormy altar of Qazlal.
   324 | D        | Found a sacrificial altar of Ru.
   325 | D        | Found a shimmering blue altar of Sif Muna.
   326 | D        | Found a bloodstained altar of Trog.
   327 | D        | Found a hide-covered altar of Uskayaw.
   328 | D        | Became a worshipper of Makhleb the Destroyer
   329 | D        | Found a radiant altar of Vehumet.
   330 | D        | Found an ornate altar of the Wu Jian Council.
   331 | D        | Found a shimmering altar of Xom.
   332 | D        | Found a basalt altar of Yredelemnul.
   333 | D        | Found a glowing silver altar of Zin.
   334 | D        | Found a glowing golden altar of the Shining One.
   383 | D        | Noticed a yak
   383 | D        | Noticed a troll
   383 | D        | Noticed a yak
   383 | D        | Noticed a yak
   383 | D        | Noticed a hornet
   387 | D        | Killed a hornet
   388 | D        | Reached XP level 6. HP: 62/62 MP: 5/5
   392 | D        | Killed a yak
   395 | D        | Killed a yak
   395 | D        | Reached * piety under Makhleb
   396 | D        | Reached skill level 10 in Fighting
   396 | D        | Reached skill level 10 in Armour
   396 | D        | Reached skill level 10 in Shields
   396 | D        | Reached XP level 7. HP: 72/72 MP: 6/6
   401 | D        | Killed a troll
   402 | D        | Reached skill level 10 in Axes
   404 | D        | Killed a yak
   409 | D        | Reached ** piety under Makhleb
   412 | D        | Noticed a vampire mosquito
   412 | D        | Noticed a two-headed ogre
   412 | D        | Noticed a slime creature
   412 | D        | Noticed a seven-headed hydra
   412 | D        | Noticed a boulder beetle
   412 | D        | Noticed a cyclops
   415 | D        | Killed a cyclops
   416 | D        | Reached XP level 8. HP: 83/83 MP: 7/7
   434 | D        | Killed a boulder beetle
   435 | D        | Reached XP level 9. HP: 92/92 MP: 8/8
   441 | D        | Slain by a seven-headed hydra

Illustrated notes

Levels and vault maps discovered:
D:        linesprint [early_d, line_temple, items_1, d_10, items_2, lair_1,
          lair_end, items_3, orc_1, orc_end, items_4, d_15, swamp_1, shoals_1,
          snake_1, spider_1, d_20, vaults_1, items_5, swamp_end, shoals_end,
          snake_end, spider_end, vaults_end, d_27, items_6, zot_1, zot_end,
          crypt_end, forest_end, elf_end, slime_end, tomb_end, abyss_end,
          pan_hell_end]

Skill      XL: |  1  2  3  4  5  6  7  8 |
---------------+-------------------------+-----
Fighting       | 4 6 7 8 10 11 12 | 12.7
Armour         | 4 6 7 8 10 11 12 | 12.7
Shields        | 4 6 7 8 10 11 12 | 12.7
Axes           | 3 5 6 8 9 11 12 | 12.3

Action                   |  1- 3 |  4- 6 |  7- 9 || total
-------------------------+-------+-------+-------++-------
Melee: War axe           |    29 |    27 |    30 ||    86
       Headbutt          |     2 |     4 |     8 ||    14
       Morningstar       |       |       |     6 ||     6
  Use: Potion            |       |     4 |       ||     4
 Stab: Invisible         |       |     2 |     3 ||     5
Armor: Scale mail        |     9 |     7 |    17 ||    33
Dodge: Dodged            |    13 |     8 |    14 ||    35
Block: Buckler           |     9 |     7 |    10 ||    26
